 Dungeon Sprint DCSS version 0.27-a0-1154-gfdeffcb720 (webtiles) character file.

Game seed: 6250622701198765802

3600000 Zeld the Ninja (level 23, -34/197 HPs)
             Began as an Octopode Gladiator on May 14, 2021.
             Was a High Priest of Makhleb.
             Annihilated by a meat berserker
             ... wielding a +9 battleaxe
              (58 damage)
             ... in the Dungeon (Sprint VIII: "Arena of Blood").
             The game lasted 00:01:58 (36 turns).

Zeld the Ninja (Octopode Gladiator)                   Turns: 36, Time: 00:01:59

Health: -34/197    AC:  1    Str: 22    XL:     23   Next: 39%
Magic:  8/54       EV: 27    Int: 11    God:    Makhleb [*****.]
Gold:   0          SH:  0    Dex: 14    Spells: 76/76 levels left

rFire    . . .     SeeInvis .   i - +∞ Axe of Woe
rCold    . . .     Faith    .   (shield currently unavailable)
rNeg     . . .     Spirit   .   a - +0 hat
rPois    .         Reflect  .   (no amulet)
rElec    .         Harm     .   (no ring)
rCorr    .         Rampage  .   (no ring)
Will     +....     NoTele   +   (no ring)
Stlth    ++++++++++             (no ring)
HPRegen  0.42/turn              (no ring)
MPRegen  0.34/turn              (no ring)
                                (no ring)
                                (no ring)

@: no status effects
A: almost no armour, amphibious, 8 rings, camouflage 1, gelatinous body 1,
(nimble swimmer 1), tentacles
a: Renounce Religion, Minor Destruction, Lesser Servant of Makhleb, Major
Destruction, Greater Servant of Makhleb


You were in the Dungeon.
You worshipped Makhleb.
Makhleb was extremely pleased with you.
You visited 1 branch

Inventory:

Hand Weapons
 i - the +∞ Axe of Woe (weapon)
   (You found it in the Dungeon)
Armour
 a - a +0 hat (worn)
Scrolls
 h - a scroll of blinking
Potions
 c - a potion of curing
 e - a potion of haste
 f - 2 potions of magic
 g - a potion of berserk rage


   Skills:
 O Level 27 Fighting
 O Level 27 Axes
 * Level 21.8(27) Maces & Flails
 * Level 14.1(23.3) Polearms
 * Level 14.1(20.8) Staves
 O Level 27 Slings
 O Level 27 Throwing
 O Level 27 Dodging
 O Level 27 Stealth
 O Level 27 Unarmed Combat
 O Level 27 Spellcasting
 O Level 27 Invocations


You had 76 spell levels left.
You didn't know any spells.
Your spell library was empty.

Dungeon Overview and Level Annotations

Branches:
Dungeon (1/1)

Altars:
Makhleb


Innate Abilities, Weirdness & Mutations

You cannot wear most types of armour.
You are amphibious.
You can wear up to eight rings at the same time.
Your skin changes colour to match your surroundings (Stealth+).
Your rubbery body absorbs attacks. (AC +1, EV +1)
((You are camouflaged near water. (Stealth+)))
You have tentacles for arms and can constrict up to eight enemies at once.


Message History

A destroyer comes into view. It is wielding a +9 vorpal great sword.
An eight-headed meat hydra comes into view.
A bag of meat comes into view. It is wielding a +9 war axe.
You hear a shout!
You slice the bag of meat!!
You butcher the bag of meat messily.
You kill the bag of meat!
Makhleb accepts your kill.
You slice the meat berserker!!
You chop the meat berserker into pieces.
You kill the meat berserker!
Makhleb accepts your kill.
You feel better.
You hear a shout!
The meat berserker is engulfed in blazing flames.
You hear a shout! x3
A meat berserker comes into view. It is wielding a +9 battleaxe.
The destroyer blinks!
You hear a shout!
The eight-headed meat hydra calls on the powers of darkness!
The eight-headed meat hydra convulses!
The bag of meat convulses! x3
The large bag of meat convulses!
Flame seeps out of the large bag of meat.
The meat berserker convulses!
Your body is wracked with pain!
The meat berserker convulses!
The large bag of meat is engulfed in blazing flames.
Your base Maces & Flails skill gained 3 levels and is now at level 21!
Your base Polearms skill gained 14 levels and is now at level 14!
Your base Staves skill gained 14 levels and is now at level 14!
You have reached level 23!
You hear a shout! x3
The destroyer blinks!
You hear a shout! x2
The bag of meat is engulfed in blazing flames.
The sculptor of flesh is engulfed in blazing flames.
You hear a shout! x3
The meat berserker is engulfed in blazing flames.
The meat berserker hits you with a +9 battleaxe!!!
* * * LOW HITPOINT WARNING * * *
The meat berserker hits you with a +9 battleaxe!!!
You die...

. #... ..# ..###...
...###.....
......###.§........
..D.._...........
#.)○)☼#.......#
#☼Voo°#.....§..
...#○○○o.#......#.
......☼z☼§O........
......###)O@V.....#
..###....○oO###.....
. #......†# ...
#.....oo# .
.......o..
.....O.....
...O.o.....
.........o##
........#.


You could see an eight-headed meat hydra, 2 destroyers, a sculptor of flesh, 2
large bags of meat, 3 meat berserkers and 8 bags of meat.

Vanquished Creatures
  A vampire knight (D)
  9 ogres (D)
  4 two-headed ogres (D)
  A hydra (D)
  10 orcs (D)
25 creatures vanquished.

Notes
Turn   | Place    | Note
-------+----------+-------------------------------------------
     0 | D        | Found the +∞ Axe of Woe
     0 | D        | Zeld the Octopode Gladiator began the quest for the Orb.
     0 | D        | Reached XP level 1. HP: 14/14 MP: 1/1
     4 | D        | Became a worshipper of Makhleb the Destroyer
     5 | D        | Noticed a bag of meat
     5 | D        | Noticed a bag of meat
     6 | D        | Noticed a bag of meat
     7 | D        | Noticed a meat berserker
    10 | D        | Killed a bag of meat
    10 | D        | Noticed a bag of meat
    11 | D        | Reached skill level 10 in Fighting
    11 | D        | Reached skill level 10 in Axes
    11 | D        | Reached skill level 10 in Slings
    11 | D        | Reached skill level 10 in Throwing
    11 | D        | Reached skill level 10 in Dodging
    11 | D        | Reached skill level 10 in Unarmed Combat
    11 | D        | Reached skill level 10 in Invocations
    11 | D        | Reached XP level 2. HP: 32/32 MP: 1/12
    11 | D        | Reached XP level 3. HP: 37/37 MP: 1/13
    11 | D        | Reached XP level 4. HP: 43/43 MP: 1/15
    11 | D        | Reached XP level 5. HP: 48/48 MP: 1/16
    11 | D        | Reached XP level 6. HP: 54/54 MP: 1/18
    11 | D        | Reached XP level 7. HP: 60/60 MP: 1/19
    11 | D        | Reached XP level 8. HP: 65/65 MP: 1/21
    11 | D        | Reached XP level 9. HP: 71/71 MP: 1/22
    11 | D        | Reached XP level 10. HP: 77/77 MP: 1/23
    11 | D        | Reached XP level 11. HP: 82/82 MP: 1/24
    11 | D        | Reached XP level 12. HP: 88/88 MP: 1/25
    11 | D        | Noticed a meat berserker
    11 | D        | Killed a bag of meat
    11 | D        | Reached * piety under Makhleb
    11 | D        | Killed a meat berserker
    11 | D        | Noticed a bag of meat
    11 | D        | Noticed a bag of meat
    11 | D        | Noticed a meat berserker
    12 | D        | Reached XP level 13. HP: 100/100 MP: 1/29
    12 | D        | Reached XP level 14. HP: 107/107 MP: 1/30
    12 | D        | Killed a bag of meat
    12 | D        | Noticed a bag of meat
    13 | D        | Reached skill level 15 in Invocations
    13 | D        | Reached XP level 15. HP: 114/114 MP: 1/32
    14 | D        | Killed a meat berserker
    14 | D        | Reached ** piety under Makhleb
    14 | D        | Noticed a meat berserker
    15 | D        | Reached skill level 15 in Spellcasting
    15 | D        | Reached XP level 16. HP: 125/125 MP: 2/35
    16 | D        | Noticed a meat berserker
    17 | D        | Killed a meat berserker
    17 | D        | Killed a meat berserker
    17 | D        | Reached *** piety under Makhleb
    17 | D        | Noticed a meat berserker
    17 | D        | Noticed a destroyer
    18 | D        | Reached XP level 17. HP: 106/135 MP: 2/38
    19 | D        | Reached XP level 18. HP: 145/145 MP: 3/40
    19 | D        | Noticed a meat berserker
    20 | D        | Killed a destroyer
    20 | D        | Reached **** piety under Makhleb
    20 | D        | Noticed a large bag of meat
    21 | D        | Reached skill level 27 in Stealth
    21 | D        | Reached XP level 19. HP: 153/153 MP: 3/42
    21 | D        | Killed a meat berserker
    21 | D        | Killed a large bag of meat
    21 | D        | Killed a meat berserker
    22 | D        | Reached XP level 20. HP: 92/167 MP: 3/45
    22 | D        | Noticed a large bag of meat
    22 | D        | HP: 5/167 [meat berserker/+9 battleaxe (87)]
    22 | D        | Noticed a large bag of meat
    23 | D        | Killed a large bag of meat
    23 | D        | Reached ***** piety under Makhleb
    23 | D        | Killed a meat berserker
    24 | D        | Reached XP level 21. HP: 30/176 MP: 4/48
    24 | D        | Noticed a large bag of meat
    24 | D        | Noticed a large bag of meat
    26 | D        | Killed a large bag of meat
    27 | D        | Reached skill level 27 in Invocations
    27 | D        | Noticed a large bag of meat
    28 | D        | Noticed an eight-headed meat hydra
    28 | D        | Noticed a meat berserker
    28 | D        | Noticed a meat berserker
    29 | D        | Killed a nine-headed meat hydra
    29 | D        | Noticed a meat berserker
    30 | D        | Reached XP level 22. HP: 57/188 MP: 6/50
    30 | D        | Killed a large bag of meat
    31 | D        | Reached skill level 27 in Unarmed Combat
    31 | D        | Noticed a destroyer
    34 | D        | Reached skill level 27 in Fighting
    34 | D        | Reached skill level 27 in Axes
    34 | D        | Reached skill level 27 in Slings
    34 | D        | Reached skill level 27 in Throwing
    34 | D        | Reached skill level 27 in Dodging
    34 | D        | Reached skill level 27 in Spellcasting
    34 | D        | Noticed a destroyer
    36 | D        | Reached XP level 23. HP: 75/197 MP: 7/54
    36 | D        | Annihilated by a meat berserker

Illustrated notes

Levels and vault maps discovered:
D:        meatsprint

Skill      XL: |  1  2  3  4  5  6  7  8  9 10 11 12 13 14 15 16 17 18 19 20 21 22 |
---------------+-------------------------------------------------------------------+-----
Fighting       | 10 13 14 16 18 19 20 23 24 26 27 | 27.0
Axes           | 10 13 14 16 18 19 20 23 24 26 27 | 27.0
Slings         | 10 13 14 16 18 19 20 23 24 26 27 | 27.0
Throwing       | 10 13 14 16 18 19 21 23 24 26 27 | 27.0
Dodging        | 10 13 14 16 18 19 21 23 24 26 27 | 27.0
Stealth        | 13 18 19 21 24 26 27 | 27.0
Unarmed Combat | 10 14 16 18 19 21 23 24 26 27 | 27.0
Spellcasting   | 9 12 13 15 17 18 19 21 23 24 27 | 27.0
Invocations    | 10 14 15 17 19 21 22 24 26 27 | 27.0
Maces & Flails | 21 | 21.8
Polearms       | 14 | 14.1
Staves         | 14 | 14.1

Action                   |  1- 3 |  4- 6 |  7- 9 | 10-12 | 13-15 | 16-18 | 19-21 | 22-24 || total
-------------------------+-------+-------+-------+-------+-------+-------+-------+-------++-------
Melee: Executioner's axe |     1 |       |       |     1 |     2 |     3 |     4 |     3 ||    14
  Use: Potion            |       |       |       |       |       |       |     1 |       ||     1

Table legend: (Time is in decaauts)
 A = Elapsed time spent in this place.
 B = Non-inter-level travel time spent in this place.
 C = Inter-level travel time spent in this place.
 D = Time resting spent in this place.
 E = Time spent auto-exploring this place.
 F = Levels seen in this place.
 G = Mean time per level.
                   A        B        C        D        E       F      G
               +--------+--------+--------+--------+--------+-----+--------+
         Total |     36 |     36 |      0 |      0 |      0 |   1 |   36.0 |
       Dungeon |     36 |     36 |      0 |      0 |      0 |   1 |   36.0 |
               +--------+--------+--------+--------+--------+-----+--------+

Top non-repeatable levels by time:
       D: 36 daAuts
